 Dungeon Crawl Stone Soup version 0.22-a0-91-g23542c2 (webtiles) character file.

39 4thArraOfDagon the Caller (level 3, -5/14 HPs)
             Began as a Felid Summoner on Jan 22, 2018.
             Slain by a worker ant (7 damage)
             ... on level 4 of the Dungeon.
             The game lasted 00:05:08 (935 turns).

4thArraOfDagon the Caller (Felid Summoner)           Turns: 935, Time: 00:05:09

Health: -5/14      AC:  1    Str:  9    XL:     3   Next: 28%
Magic:  2/7        EV: 18    Int: 17    God:
Gold:   46         SH:  0    Dex: 16    Spells: 2/6 levels left
                                        Lives:  0   Deaths: 0

rFire    . . .     SeeInvis +     - Unarmed
rCold    . . .     Gourm    .   (shield unavailable)
rNeg     . . .     Faith    .   (armour unavailable)
rPois    .         Spirit   .   (helmet unavailable)
rElec    .         Reflect  .   (cloak unavailable)
rCorr    .         Harm     .   (gloves unavailable)
MR       .....                  (boots unavailable)
Stlth    +++.......             (no amulet)
HPRegen  0.04/turn              (no ring)
MPRegen  0.10/turn              (no ring)

@: mighty, lethally poisoned (-5 -> -10), very slightly contaminated, quick
A: very small, no armour, no weapons or thrown items, stealth, claws 1, fangs 3,
see invisible, carnivore, speed 1, shaggy fur 1, slow metabolism 1, sharp paws
a: no special abilities


You were on level 4 of the Dungeon.
You were very full.

You visited 1 branch of the dungeon, and saw 4 of its levels.

You collected 46 gold pieces.

Inventory:

Scrolls
 c - a scroll of enchant armour {unknown}
 e - a scroll of teleportation {unknown}
 f - 2 scrolls of identify {unknown}
 g - 2 scrolls of remove curse {unknown}
Potions
 d - a potion of cancellation {unknown}
 h - 2 potions of might
Books
 a - a book of Callings

   Spells                             Type                      Level
   a - Summon Small Mammal            Summoning                    1
   b - Call Imp                       Summoning                    2
   c - Call Canine Familiar           Summoning                    3
   d - Summon Guardian Golem          Hexes/Summoning              3
   e - Summon Lightning Spire         Summoning/Air                4
   f - Summon Ice Beast               Ice/Summoning                4
Comestibles
 b - 4 rations


   Skills:
 + Level 3.3 Dodging
 + Level 3.4 Stealth
 * Level 2.1 Unarmed Combat
 - Level 2.0 Spellcasting
 - Level 4.0 Summonings


You had 2 spell levels left.
You knew the following spells:

 Your Spells              Type           Power        Failure   Level  Hunger
a - Summon Small Mammal   Summ           ###.         3%          1    #......
b - Call Canine Familiar  Summ           ###.....     11%         3    ###....


Dungeon Overview and Level Annotations

Branches:
Dungeon (4/15)
 Temple: D:4-7

Altars:


Innate Abilities, Weirdness & Mutations

You cannot wear armour.
You are incapable of wielding weapons or throwing items.
Your paws allow you to move quietly. (Stealth)
You have sharp claws.
You have razor-sharp teeth.
You have supernaturally acute eyesight. (SInv)
You are carnivorous and can eat meat at any time.
You cover ground quickly.
You are covered in fur. (AC +1)
You have a slow metabolism.
Your sharp claws are effective at attacking unaware monsters.


Message History

Unknown command.
You feel sick.
Unknown command.
You feel sick.
Unknown command.
Unknown command.
* * * LOW HITPOINT WARNING * * *
You feel sick.
Unknown command.
Unknown command.
* * * LOW HITPOINT WARNING * * *
You feel sick.
Unknown command.
Unknown command.
It was a potion of might.
You feel very mighty all of a sudden.
* * * LOW HITPOINT WARNING * * *
You feel sick. The worker ant bites you!
Ouch! That really hurt!
You die...

#.#..............?#.#.
#....#.#.#...........
.........#..#....#
..#.....#.......###.##.
o..#.#...?......<.......
.?.............#.###.#.#
o..o.#####.#......$
......o......#.#.###
..#..#####.#.#.#@#####.
. #. ..........a.......#
. ......#.########### ##
#########


You could see a worker ant.

Vanquished Creatures
  A dart slug (D:2)
  2 goblins
  3 hobgoblins (D:2)
  A bat (D:2)
  5 frilled lizards
  2 kobolds (D:1)
  6 rats
20 creatures vanquished.

Vanquished Creatures (collateral kills)
  An adder (D:2)
  An ooze (D:1)
  2 ball pythons (D:2)
  4 giant cockroaches
  6 hobgoblins
  A goblin (D:2)
  A kobold (D:1)
  3 rats (D:1)
19 creatures vanquished.

Grand Total: 39 creatures vanquished

Notes
Turn   | Place    | Note
-------+----------+-------------------------------------------
     0 | D:1      | 4thArraOfDagon the Felid Summoner began the quest for the Orb.
     0 | D:1      | Reached XP level 1. HP: 7/7 MP: 4/4
   165 | D:1      | Reached skill level 1 in Unarmed Combat
   175 | D:1      | Reached XP level 2. HP: 11/11 MP: 4/6
   550 | D:2      | Reached XP level 3. HP: 10/14 MP: 3/7
   558 | D:2      | Learned a level 3 spell: Call Canine Familiar
   692 | D:2      | BLOAX: watch out it's a buckethead cat
   935 | D:4      | Slain by a worker ant

Vault maps used:
D:1:      arrival_zaba_pyramid
D:2:      marbit_many_paths, first_ration
D:3:      uniq_terence
D:4:      serial_glass, glass_columns_b, glass_columns_a, glass_columns_c,
          glass_columns_a, glass_columns_c, glass_columns_b, glass_columns_a,
          glass_columns_a, uniq_natasha, uniq_blork_the_orc, uniq_pikel

Skill      XL: |  1  2  3 |
---------------+----------+-----
Stealth        | 3 |  3.4
Unarmed Combat | 1 2 |  2.1
Dodging        | 3 |  3.3
Spellcasting   | |  2.0
Summonings     | |  4.0

Action                   || total
-------------------------++-------
Melee: Unarmed           ||    78
       Bite              ||     8
       Punch             ||     1
 Cast: Summon Small Mamm ||    20
       Call Canine Famil ||     3
  Use: Potion            ||     1
 Stab: Sleeping          ||     7
       Distracted        ||     1
  Eat: Chunk             ||     7
Armor: Skin              ||     7
Dodge: Dodged            ||    46

Table legend:
 A = Spawn XP
 B = Non-spawn XP
 C = Spawn XP percentage of total XP
 D = Spawn monster count
 E = Non-spawn monster count
 F = Spawn count percentage of total count
 G = Total turns spent on level
                    A         B        C        D         E        F      G
               +---------+---------+-------+---------+---------+-------+---------
         Total |       0 |      57 |   0.0 |       0 |      39 |   0.0 |   935
               +---------+---------+-------+---------+---------+-------+---------
           D:1 |       0 |      23 |   0.0 |       0 |      17 |   0.0 |   314
           D:2 |       0 |      34 |   0.0 |       0 |      22 |   0.0 |   551
               +---------+---------+-------+---------+---------+-------+---------
